 Dungeon Crawl Stone Soup version 0.30-a0-949-g53dc5368d7 (webtiles) character file.

Game seed: 6388822059662531625

116 ZappyNine the Stinger (level 4, -1/36 HPs)
             Began as a Draconian Venom Mage on Mar 28, 2023.
             Slain by a river rat (5 damage)
             ... in a sewer.
             The game lasted 00:03:04 (2166 turns).

ZappyNine the Stinger (Draconian Venom Mage)        Turns: 2166, Time: 00:03:05

Health: -1/36      AC:  6    Str: 10    XL:     4   Next: 70%
Magic:  3/8        EV: 12    Int: 18    God:
Gold:   58         SH:  0    Dex: 11    Spells: 5/8 levels left

rFire   . . .      SeeInvis .    h - +2 dagger (speed)
rCold   . . .      Faith    .    (no shield)
rNeg    . . .      Spirit   .    (body armour unavailable)
rPois   .          Reflect  .    (helmet restricted)
rElec   .          Rampage  .    (no cloak)
rCorr   .                        g - +0 pair of gloves
Will    .....                    (no boots)
Stlth   ++                       (no amulet)
HPRegen 0.26/turn                (no ring)
MPRegen 0.11/turn                (no ring)

@: very slightly contaminated
A: AC +5, unfitting armour, cold-blooded
a: no special abilities


You were in a sewer.
You visited 1 branch of the dungeon, and saw 3 of its levels.
You also visited: Sewer.

You collected 58 gold pieces.

Inventory:

Hand Weapons
 h - a +2 dagger of speed (weapon)
Armour
 g - a +0 pair of gloves (worn)
Jewellery
 i - an amulet of faith
 k - a ring of willpower
Scrolls
 b - 3 scrolls of enchant weapon {unknown}
 d - a scroll of poison {unknown}
 f - a scroll of brand weapon {unknown}
 l - 3 scrolls of identify {unknown}
 n - 3 scrolls of teleportation {unknown}
 o - a scroll of fog {unknown}
Potions
 a - 3 potions of magic
 c - a potion of might {unknown}
 e - a potion of flight {unknown}
 j - a potion of curing {unknown}
 m - a potion of brilliance {unknown}


   Skills:
 + Level 2.2 Fighting
 - Level 1.7 Dodging
 - Level 1.7 Stealth
 + Level 2.8 Spellcasting
 + Level 2.3 Transmutations
 + Level 3.7 Poison Magic


You had 5 spell levels left.
You knew the following spells:

 Your Spells              Type           Power      Damage    Failure   Level
a - Sting                 Tmut/Pois      52%        1d5       4%          1
b - Poisonous Vapours     Pois/Air       18%        N/A       12%         2

Your spell library contained the following spells:

 Spells                   Type           Power      Damage    Failure   Level
 Magic Dart               Conj           8%         1d3       17%         1
 Searing Ray              Conj           4%         2d4       26%         2
 Mephitic Cloud           Conj/Pois/Air  7%         N/A       30%         3
 Olgreb's Toxic Radiance  Pois           16%        N/A       34%         4
 Fulminant Prism          Conj/Hex       1%         3d5       86%         4


Dungeon Overview and Level Annotations

Branches:
Dungeon (3/15)              Sewer (1/1)

Altars:

Annotations:
D:2 1 runed translucent door, Crazy Yiuf


Innate Abilities, Weirdness & Mutations

Your plain brown scales are hard. (AC +5)
You cannot fit into any form of body armour.
You are cold-blooded and may be slowed by cold attacks.


Message History

You are too injured to fight recklessly!
The river rat bites you but does no damage.
The river rat bites you.
Casting: Sting (safe; 4% risk of failure)
Confirm with . or Enter, or press ? or * to list all spells.
Aiming: Poisonous Vapours (safe; 12% risk of failure)
Press: ? - help, Dir - move target, f - river rat
Aim: a river rat (heavily wounded)
You miscast Poisonous Vapours.
You are very lightly contaminated with residual magic.
Nothing appears to happen.
The river rat bites you!
* * * LOW HITPOINT WARNING * * *
Unknown command.
Unknown command.
Casting: Poisonous Vapours (safe; 12% risk of failure)
Confirm with . or Enter, or press ? or * to list all spells.
Aiming: Poisonous Vapours (safe; 12% risk of failure)
Press: ? - help, Dir - move target, f/p - river rat
Aim: a river rat (heavily wounded) Poisonous vapours surround the river rat!
The river rat is poisoned.
The river rat bites you.
* * * LOW HITPOINT WARNING * * *
Unknown command.
Unknown command.
Casting: Poisonous Vapours (safe; 12% risk of failure)
Confirm with . or Enter, or press ? or * to list all spells.
Aiming: Sting (safe; 4% risk of failure)
Press: ? - help, Shift-Dir - straight line, f/p - river rat
Aim: a river rat (heavily wounded, poisoned, 68% to hit)
The sting hits the river rat but does no damage.
The river rat looks even sicker.
The river rat is heavily wounded.
The river rat bites you but does no damage.
Unknown command.
You hit the river rat.
Your tail-slap misses the river rat.
The river rat is almost dead.
You hit the river rat.
The river rat is almost dead.
The river rat bites you.
You die...

#########
###~~.∩.~.###
###~~~.~∩.~~~~#
#.~.r@#####~~..~
#...### #.~~
#~~~# .~ #~.~ ~
#~~ ##


You could see a river rat (very poisoned).

Vanquished Creatures
  A jelly (D:3)
  3 adders (D:2)
  2 river rats (D:3)
  A worm (D:3)
  A dart slug (D:1)
  3 endoplasms
  A giant cockroach (D:2)
  2 goblins (D:1)
  2 hobgoblins (D:1)
  5 kobolds
  4 quokkas
  3 ball pythons
  A bat (D:2)
  3 frilled lizards
  7 rats
39 creatures vanquished.

Vanquished Creatures (others)
  4 plants (D:3)
4 creatures vanquished.

Grand Total: 43 creatures vanquished

Notes
Turn   | Place    | Note
-------+----------+-------------------------------------------
     0 | D:1      | ZappyNine the Draconian Venom Mage began the quest for the
                  | Orb.
     0 | D:1      | Reached XP level 1. HP: 14/14 MP: 3/3
   446 | D:1      | Reached XP level 2. HP: 20/22 MP: 0/5
   457 | D:1      | Learned a level 2 spell: Poisonous Vapours
   630 | D:1      | Reached skill level 1 in Fighting
   981 | D:2      | Reached XP level 3. HP: 28/28 MP: 6/6
  1460 | D:2      | Found a runed translucent door.
  1461 | D:2      | Noticed Crazy Yiuf
  1957 | D:3      | Reached XP level 4. HP: 18/36 MP: 2/8
  2086 | D:3      | Found a glowing drain.
  2144 | Sewer    | Entered a sewer
  2166 | Sewer    | Slain by a river rat

Illustrated notes

Levels and vault maps discovered:
D:1:      minmay_arrival_loop, layout_loops_ring
D:2:      layout_loops_ring, grunt_ministairs_15, uniq_crazy_yiuf_cottage
D:3:      layout_loops_ring, hellmonk_okawaru_the_only_friend_you_need,
          portal_sewer_entry_b, hellmonk_ecumenical_altar_inner_sanctum,
          st_stairs_2, serial_bayou_pond_c, dreamdust_mushroom_princess,
          nicolae_figureground_pulse
Sewer:    sewer_hellmonk_bad_rat

Skill      XL: |  1  2  3 |
---------------+----------+-----
Fighting       | 1 2 |  2.2
Transmutations | 2 |  2.3
Dodging        | |  1.7
Stealth        | |  1.7
Spellcasting   | |  2.8
Poison Magic   | |  3.7

Action                     |  1- 3 |  4- 6 || total
---------------------------+-------+-------++-------
  Melee: Unarmed           |    14 |       ||    14
         Tailslap          |    14 |     5 ||    19
         Dagger            |    72 |    42 ||   114
         Mace              |     9 |       ||     9
   Cast: Sting             |    13 |     3 ||    16
         Poisonous Vapours |     8 |     2 ||    10
   Stab: Sleeping          |     2 |       ||     2
 Armour: Skin              |    15 |    11 ||    26
  Dodge: Dodged            |    61 |    21 ||    82

Table legend: (Time is in decaauts)
 A = Elapsed time spent in this place.
 B = Non-inter-level travel time spent in this place.
 C = Inter-level travel time spent in this place.
 D = Time resting spent in this place.
 E = Time spent auto-exploring this place.
 F = Levels seen in this place.
 G = Mean time per level.
                   A        B        C        D        E       F      G
               +--------+--------+--------+--------+--------+-----+--------+
         Total |   2134 |   2078 |     56 |    165 |   1575 |   4 |  533.5 |
       Dungeon |   2116 |   2060 |     56 |    165 |   1575 |   3 |  705.3 |
         Sewer |     18 |     18 |      0 |      0 |      0 |   1 |   18.0 |
               +--------+--------+--------+--------+--------+-----+--------+

Top non-repeatable levels by time:
     D:2: 988 daAuts
     D:1: 898 daAuts
     D:3: 229 daAuts
   Sewer: 18 daAuts
